 Dungeon Crawl Stone Soup version 0.17-a0-1522-g6c5b4ba (webtiles) character file.

343 matakusis the Ducker (level 6, -12/48 HPs)
             Began as a Demonspawn Gladiator on July 14, 2015.
             Mangled by an ogre
             ... wielding a +0 giant spiked club
              (20 damage)
             ... on level 4 of the Dungeon.
             The game lasted 00:16:24 (2912 turns).

matakusis the Ducker (Demonspawn Gladiator)         Turns: 2912, Time: 00:16:24

Health: -12/48     AC:  5    Str: 18    XL:     6   Next: 31%
Magic:  0/6        EV: 14    Int:  9    God:
Gold:   143        SH:  0    Dex: 13    Spells: 0 memorised, 5 levels left

rFire  + + .     SeeInvis .     a - +0 war axe
rCold  . . .     Clarity  .     t - +0 robe of the Iron City of Dis {rF++} (curse)
rNeg   . . .     SustAt   .     (no shield)
rPois  .         Gourm    .     c - +1 helmet
rElec  .         Spirit   +     x - +0 cloak
rCorr  .         Warding  .     (no gloves)
rMut   .         Stasis   .     (no boots)
MR     .....                    y - amulet of guardian spirit
Stlth  +.........               (no ring)
                                f - ring of invisibility

@: not resistant to hostile enchantments, very unstealthy
A: demonic guardian 1, magic shield
a: Evoke Invisibility


You were on level 4 of the Dungeon.
You were very hungry.

You visited 1 branch of the dungeon, and saw 4 of its levels.

You collected 143 gold pieces.

Inventory:

Hand weapons
 a - a +0 war axe (weapon)
Missiles
 d - 3 throwing nets (quivered)
Armour
 b - a +0 leather armour
 c - a +1 helmet (worn)
 t - the cursed +0 robe of the Iron City of Dis (worn) {rF++}
   (You found it on level 4 of the Dungeon)

   It greatly protects you from fire.
   It has a curse placed upon it.
 x - a +0 cloak (worn)
Jewellery
 f - a ring of invisibility (left hand)
 r - a +4 ring of intelligence {unknown}
 y - an amulet of guardian spirit (around neck)
Scrolls
 g - a scroll of remove curse
 i - a scroll of teleportation
 k - a scroll of fear {unknown}
 o - 2 scrolls of immolation {unknown}
 p - a scroll of blinking {unknown}
 q - a scroll of noise {unknown}
 s - a scroll of identify
 u - a scroll of magic mapping {unknown}
 w - a scroll of enchant weapon {unknown}
 z - a scroll of random uselessness {unknown}
Potions
 l - a potion of ambrosia {unknown}
 m - a potion of cancellation {unknown}
 n - a potion of brilliance {unknown}
 v - a potion of haste {unknown}
Comestibles
 e - 4 bread rations
 j - a meat ration


   Skills:
 * Level 3.8 Fighting
 + Level 3.9 Axes
 - Level 1.7 Throwing
 + Level 1.9 Armour
 + Level 4.4 Dodging


You had 5 spell levels left.
You didn't know any spells.

Dungeon Overview and Level Annotations

Branches:
Dungeon (4/15)
 Temple: D:4-7

Altars:
Ashenzari
Cheibriados
Elyvilon
Gozag
Okawaru
Ru
Sif Muna
Vehumet
Yredelemnul
The Shining One

Portals:
Sewer: D:4


Innate Abilities, Weirdness & Mutations

A weak demonic guardian rushes to your aid.
When hurt, damage is shared between your health and your magic reserves.


Message History

The ogre hits you with a giant spiked club!
Your unstable footing causes you to fumble your attack.
The ogre closely misses you.
Your unstable footing causes you to fumble your attack.
Your crimson imp barely misses the ogre.
The ogre hits you with a giant spiked club!!
* * * LOW HITPOINT WARNING * * *
Your crimson imp hits the ogre.
Your crimson imp barely misses the ogre.
Drink which item? (? for menu, Esc to quit)
Okay, then.
Read which item? (? for menu, Esc to quit)
Okay, then.
The ogre barely misses you.
Your crimson imp hits the ogre.
Your unstable footing causes you to fumble your attack.
Your crimson imp hits the ogre.
The ogre misses you.
Your unstable footing causes you to fumble your attack.
Your crimson imp disappears in a puff of smoke!
The ogre hits you with a giant spiked club!!
You die...

##..###.......# #
## #... ###.....#
#
..##...#####.....#
#
........##.......#
#
#................#
#...........##...#
#.........### ##..
#.#####..## #..
##.#≈≈@#..# #..#
#..#≈≈O#.## ....#
#..#?#≈∩≈#.##
#...# #.#≈≈≈#..#
#.. #.#≈≈≈#..# #.
#.##†##..# #.
#........# #####.
#..#####)...#
##..... #...#
##..# #..P.P.


You could see an ogre.

Vanquished Creatures
  An ogre (D:4)
  An orc wizard (D:3)
  A worker ant (D:4)
  8 adders
  An adder skeleton (D:3)
  A worm (D:2)
  3 orcs (D:3)
  5 giant cockroaches
  16 hobgoblins
  3 ball pythons
  9 bats
  10 giant newts
  5 goblins
  4 jackals
  10 kobolds
  7 rats
85 creatures vanquished.

Vanquished Creatures (collateral kills)
  A scorpion (D:4)
  An adder (D:4)
2 creatures vanquished.

Grand Total: 87 creatures vanquished

Notes
Turn   | Place    | Note
--------------------------------------------------------------
     0 | D:1      | matakusis the Demonspawn Gladiator began the quest for the Orb.
     0 | D:1      | Reached XP level 1. HP: 16/16 MP: 1/1
   124 | D:1      | Gained mutation: When hurt, damage is shared between your health and your magic reserves. [demonic ancestry]
   124 | D:1      | Reached XP level 2. HP: 19/22 MP: 2/2
   134 | D:1      | Reached skill level 3 in Dodging
   667 | D:1      | Reached XP level 3. HP: 25/28 MP: 3/3
   874 | D:2      | Found a glowing golden altar of the Shining One.
   886 | D:2      | Found a deep blue altar of Sif Muna.
   889 | D:2      | Found a shattered altar of Ashenzari.
   894 | D:2      | Found an opulent altar of Gozag.
   895 | D:2      | Found a white marble altar of Elyvilon.
   896 | D:2      | Found a sacrificial altar of Ru.
  1085 | D:2      | Reached XP level 4. HP: 26/34 MP: 4/4
  1462 | D:3      | Found a radiant altar of Vehumet.
  1479 | D:3      | Reached skill level 1 in Armour
  2014 | D:3      | Found an iron altar of Okawaru.
  2026 | D:3      | Found a snail-covered altar of Cheibriados.
  2235 | D:4      | Noticed an ogre
  2239 | D:4      | Killed an ogre
  2239 | D:4      | Reached skill level 4 in Dodging
  2239 | D:4      | Reached XP level 5. HP: 30/41 MP: 3/5
  2254 | D:4      | Got a ripped robe
  2265 | D:4      | Identified the cursed +0 robe of the Iron City of Dis {rF++} (You found it on level 4 of the Dungeon)
  2287 | D:4      | Found a basalt altar of Yredelemnul.
  2563 | D:4      | Gained mutation: A weak demonic guardian rushes to your aid. [demonic ancestry]
  2563 | D:4      | Reached XP level 6. HP: 25/47 MP: 6/6
  2868 | D:4      | Found a glowing drain.
  2890 | D:4      | Noticed an ogre
  2912 | D:4      | Mangled by an ogre

Vault maps used:
D:1:      minmay_arrival_solitary_statue
D:2:      minitemple, hangedman_abyss_or_decor_lesser_grid
D:3:      fiery_altar_vehumet, amethyst_overflow_temple_binary, first_bread
D:4:      yredelemnul_altar_generic, gup_sewer_entry_glass

Action                   |  1- 3 |  4- 6 || total
-------------------------+-------+-------++-------
Melee: War axe           |   182 |   133 ||   315
  Use: Scroll            |     4 |       ||     4
       Potion            |       |     2 ||     2
 Stab: Sleeping          |       |     2 ||     2
  Eat: Chunk             |     1 |     5 ||     6
